 Dungeon Crawl Stone Soup version 0.32-a0-918-g0f22ef8d61 (webtiles) character file.

Game seed: 582912584438609623

39 Ofeo the Sneak (level 3, -9/28 HPs)
             Began as a Coglin Brigand on Apr 11, 2024.
             Mangled by an iguana (11 damage)
             ... on level 2 of the Dungeon.
             The game lasted 00:00:57 (979 turns).

Ofeo the Sneak (Coglin Brigand)                      Turns: 979, Time: 00:00:57

Health: -9/28      AC:  3    Str:  8 (11) XL:     3   Next: 47%
Magic:  3/3        EV: 11    Int:  7 (10) God:
Gold:   46         SH:  0    Dex: 15 (17) Spells: 2/2 levels left

rFire   + . .        a - +2 dagger {Gustavo}
rCold   + . .        n - +0 short sword {Xue}
rNeg    . . .        b - +0 robe
rPois   +            (no helmet)
rElec   +            c - +0 cloak
rCorr   +            (no gloves)
SInv    .            (no boots)
Will    .....        (amulet unavailable)
Stlth   ++           (ring unavailable)
HPRegen 0.24/turn    (ring unavailable)
MPRegen 0.08/turn    (no gizmo)

%: no passive effects
@: brilliant, resistant, revved
A: off-hand wielding, slow wielding, warmup strikes, no jewellery
a: Invent Gizmo


You were on level 2 of the Dungeon.
You visited 1 branch of the dungeon, and saw 2 of its levels.

You collected 46 gold pieces.

Inventory:

Hand Weapons
 a - a +2 dagger (weapon) {Gustavo}
 f - a +0 dagger {Ingwe}
 n - a +0 short sword (offhand) {Xue}
Missiles
 d - 13 poisoned darts (quivered)
 e - 3 curare-tipped darts
 m - 2 throwing nets
Armour
 b - a +0 robe (worn)
 c - a +0 cloak (worn)
Scrolls
 k - a scroll of identify {unknown}
Potions
 h - a potion of enlightenment {unknown}
 j - a potion of heal wounds {unknown}
 r - a potion of resistance {@q6}


   Skills:
 + Level 2.4 Fighting
 + Level 2.2 Short Blades
 + Level 2.1 Throwing
 + Level 1.5 Dodging
 + Level 3.5 Stealth


You had 2 spell levels left.
You didn't know any spells.
Your spell library was empty.

Dungeon Overview and Level Annotations

Branches:
Dungeon (2/15)

Altars:


Innate Abilities, Weirdness & Mutations

You can wield a second weapon in your off-hand.
It takes a long time for you to wield or remove held weapons.
Your first few attacks do less damage.
You cannot equip rings or amulets.


Message History

You hit the iguana but do no damage.
The iguana is lightly wounded.
You hit the iguana with your +0 short sword.
The iguana bites you.
You take 6 damage, and have 18/28 hp.
MASSIVE DAMAGE!!
You hit the iguana but do no damage.
The iguana is lightly wounded.
You hit the iguana with your +0 short sword.
You hit the iguana with your +2 dagger.
The iguana is heavily wounded.
You hit the iguana with your +0 short sword.
The iguana closely misses you.
You hit the iguana but do no damage.
The iguana is heavily wounded.
You barely miss the iguana with your +2 dagger.
The iguana bites you!
* * * LOW HITPOINT WARNING * * *
You take 13 damage, and have 6/28 hp.
MASSIVE DAMAGE!!
You are too injured to fight recklessly!
You hit the iguana but do no damage.
The iguana is heavily wounded.
You hit the iguana but do no damage. The iguana closely misses you.
You hit the iguana with your +0 short sword.
The iguana is severely wounded.
You hit the iguana but do no damage. The iguana bites you.
* * * LOW HITPOINT WARNING * * *
You take 4 damage, and have 2/28 hp.
It was a potion of resistance.
You feel protected.
r - a potion of resistance The iguana misses you.
It was a potion of degeneration.
There was something very wrong with that liquid.
You feel weakened.
You feel dopey.
You feel clumsy.
The iguana hisses menacingly.
The iguana closely misses you.
It was a potion of brilliance.
You feel clever all of a sudden. The iguana bites you!
You die...

.. ... ####### ....
#.....##....
#...l........ #
#...@........
#.##...........
#......##.....
#......##...##
#......##...# ####.
#...........######.....
#.#.........##........)
#.#....................
# #....................


You could see an iguana.

Vanquished Creatures
  A gnoll (D:1)
  A dart slug (D:1)
  3 bats (D:1)
  An endoplasm (D:1)
  2 giant cockroaches (D:1)
  2 hobgoblins (D:1)
  2 quokkas
  A ball python (D:1)
  5 frilled lizards
  4 goblins (D:1)
  5 kobolds (D:1)
  3 rats (D:1)
30 creatures vanquished.

Notes
Turn   | Place    | Note
-------+----------+-------------------------------------------
     0 | D:1      | Ofeo the Coglin Brigand began the quest for the Orb.
     0 | D:1      | Reached XP level 1. HP: 16/16 MP: 1/1
    70 | D:1      | Found a faded altar of an unknown god.
    75 | D:1      | Reached skill level 1 in Dodging
    93 | D:1      | Reached XP level 2. HP: 15/22 MP: 2/2
   369 | D:1      | Reached XP level 3. HP: 17/28 MP: 3/3
   979 | D:2      | Mangled by an iguana

Illustrated notes

Levels and vault maps discovered:
D:1:      lightli_arrival_farm, layout_rooms, basic_ecumenical_altar
D:2:      layout_basic, serial_shops, shop, serial_bayou_pond_e

Skill      XL: |  1  2 |
---------------+-------+-----
Dodging        | 1 |  1.5
Short Blades   | 2 |  2.2
Throwing       | 2 |  2.1
Fighting       | |  2.4
Stealth        | |  3.5

Action                     || total
---------------------------++-------
  Melee: Dagger            ||   132
         Short sword       ||    15
    Use: Potion            ||     3
   Stab: Sleeping          ||     3
 Armour: Robe              ||    43
  Dodge: Dodged            ||    47

Table legend: (Time is in decaauts)
 A = Elapsed time spent in this place.
 B = Non-inter-level travel time spent in this place.
 C = Inter-level travel time spent in this place.
 D = Time resting spent in this place.
 E = Time spent auto-exploring this place.
 F = Levels seen in this place.
 G = Mean time per level.
                   A        B        C        D        E       F      G
               +--------+--------+--------+--------+--------+-----+--------+
         Total |    997 |    959 |     38 |      0 |    770 |   2 |  498.5 |
       Dungeon |    997 |    959 |     38 |      0 |    770 |   2 |  498.5 |
               +--------+--------+--------+--------+--------+-----+--------+

Top non-repeatable levels by time:
     D:1: 955 daAuts
     D:2: 42 daAuts
